cohdb
Replays
Latest Replays
All Replays
Popular Replays
Top Player Replays
Match Explorer
How It Works
Community
CoH3 Stats
Reddit
Sign in to upload your games and track your stats! →
Sign in with Steam
Match 40336028
Unlisted
Match 40336028
Overview
Messages
Build Orders
End
Engineer Squad
Construct Weapon Support Center
Selects Heavy Weapons
M1919 Machine Gun Team
M1919 Machine Gun Team
Mortar Pit
Bazooka Squad
Selects Assault Carriers
Mechanized Support Center
M3 Assault Carrier
Construct Motor Pool
Selects M2HB .50cal Heavy Machine Gun
M1 Anti-tank Gun Team
M1 Anti-tank Gun Team
Selects Halftrack Strongpoints
.30 cal Machine Gun
Halftrack Strongpoints
M8 Greyhound Armored Car
M8 Greyhound Armored Car
.30 cal Machine Gun
Improvised Armor
Rapid Repairs
M1 Anti-tank Gun Team
M1 Anti-tank Gun Team
Designate Forward Repair Station
petslore
WookieWenis
ordna
StarHammer
Gravey
你的血...被扣掉了..呵呵
0
0
Comments
sign in to comment!
No comments posted yet!